 Dungeon Crawl Stone Soup version 0.18.1-50-g88ac8fd (webtiles) character file.

721 magog001 the Covert (level 7, -5/35 HPs)
             Began as a Spriggan Assassin on Aug 16, 2017.
             Was a Follower of Nemelex Xobeh.
             Slain by a centaur (8 damage)
             ... on level 5 of the Dungeon.
             The game lasted 00:24:35 (4741 turns).

magog001 the Covert (Spriggan Assassin)             Turns: 4741, Time: 00:24:37

Health: -5/35      AC:  3    Str:  8    XL:     7   Next: 43%
Magic:  8/8        EV: 22    Int: 13    God:    Nemelex Xobeh [*.....]
Gold:   292        SH:  0    Dex: 18    Spells: 0 memorised, 6 levels left

rFire  + . .     SeeInvis +     a - +2 dagger
rCold  . . .     Gourm    .     c - +0 robe
rNeg   . . .     Faith    .     (shield restricted)
rPois  .         Spirit   .     (helmet restricted)
rElec  .         Dismiss  .     p - +0 cloak
rCorr  .         Reflect  .     (gloves unavailable)
SustAt .         Harm     .     (boots unavailable)
MR     +....                    (no amulet)
Stlth  +++.......               (no ring)
                                n - ring of protection from fire

@: very quick, somewhat resistant to hostile enchantments, fairly stealthy
A: unfitting armour, see invisible, herbivore 3, speed 3, slow metabolism 2
a: Renounce Religion


You were on level 5 of the Dungeon.
You worshipped Nemelex Xobeh.
Nemelex Xobeh was aware of your devotion.
You were full.

You visited 1 branch of the dungeon, and saw 5 of its levels.
You also visited: Ossuary.

You collected 292 gold pieces.

Inventory:

Hand Weapons
 a - a +2 dagger (weapon)
 b - a +0 blowgun
 s - a +0 dagger of venom
Missiles
 e - 31 poisoned needles
 f - 2 curare-tipped needles
 B - 16 sling bullets
Armour
 c - a +0 robe (worn)
 p - a +0 cloak (worn)
Jewellery
 n - a ring of protection from fire (left hand)
Wands
 d - a wand of iceblast (12/15)
Scrolls
 h - a scroll of amnesia
 i - a scroll of teleportation
 l - a scroll of magic mapping
 m - a scroll of noise
 w - a scroll of acquirement {unknown}
Potions
 j - a potion of magic {unknown}
 k - a potion of berserk rage {unknown}
 o - a potion of haste
 r - a potion of curing {unknown}
 t - a potion of mutation {unknown}
 v - 3 potions of cure mutation
 x - a potion of heal wounds {unknown}
 z - 3 potions of flight {unknown}
Miscellaneous
 y - a plain deck of war
 A - an ornate deck of war {drawn: 4}
 C - an ornate deck of destruction {drawn: 2}
Comestibles
 g - 3 bread rations
 q - 2 fruits
 u - a royal jelly


   Skills:
 * Level 2.6 Fighting
 * Level 3.6 Short Blades
 * Level 3.8 Throwing
 * Level 6.1 Dodging
 * Level 9.5 Stealth
 + Level 0.6 Evocations


You had 6 spell levels left.
You didn't know any spells.

Dungeon Overview and Level Annotations

Branches:
Dungeon (5/15)             Temple (0/1) D:5

Altars:
Cheibriados
Kikubaaqudgha
Nemelex Xobeh
Ru
Trog


Innate Abilities, Weirdness & Mutations

You are tiny and cannot use many weapons and most armour.
You have supernaturally acute eyesight.
You are a herbivore.
You cover ground extremely quickly.
You need consume almost no food.


Message History

The centaur shoots an arrow.
The arrow completely misses you.
The centaur unwields an uncursed shortbow.
The centaur closely misses you. The centaur hits you!
You see here 3 arrows.
You hit the centaur.
The centaur is lightly wounded.
The centaur closely misses you.
You hit the centaur but do no damage.
The centaur is lightly wounded.
The centaur barely misses you.
You closely miss the centaur.
The centaur is lightly wounded.
The centaur completely misses you.
You hit the centaur but do no damage.
The centaur is lightly wounded.
The centaur hits you!
* * * LOW HITPOINT WARNING * * *
The centaur hits you!
You die...
Your body glows slightly and disappears.

,,,**,**,,.....#*,,#*,,#..,,.....
,,,**,**,,,....#*,.#*,,#..###.#.#
,,,**,#*,,,,...##,.##..#......#.#
,,,,,,.[,,,,,.....[....#.........
,,,**,##.#####.##................
,,,,,,.......(...................
,*,**,*#.#.....≈##..##...#.......
,*,**,*#.......≈E#..#*#..##.#....
**,**,*#..######@#..###..##...##.
,,,,,,,,,,#....#.c...............
,,,,,,,,,,#..###.#..###..###..##.
,,,**,,,,,#......#.......#*##.##.
,,,,,,,,,,#..###(#............##.
,,,,,,,,,,#....#.........####..#.
**,****,*,######..............)..
,,,****,*,,,,,......###.#####....
*,,,,,,,,,,,,.............,,,....


You could see a centaur and a friendly water elemental.

Vanquished Creatures
  An ogre (D:4)
  An elf zombie (Ossuary)
  2 scorpions (D:4)
  A hound (D:5)
  An iguana (D:4)
  Ijyb (D:2)
  Terence (D:2)
  2 worker ants
  2 big kobold zombies (Ossuary)
  A hound zombie (Ossuary)
  3 mummies (Ossuary)
  3 gnolls (D:2)
  4 adders
  An ooze (D:2)
  2 adder zombies (Ossuary)
  2 dart slugs (D:1)
  A giant gecko (D:2)
  4 orcs (D:3)
  10 bats
  5 goblins
  6 hobgoblins
  4 jackals (D:3)
  3 quokkas
  A ball python (D:1)
  A ball python zombie (D:5)
  A goblin zombie (Ossuary)
  A hobgoblin zombie (Ossuary)
  A jackal zombie (Ossuary)
  A kobold (D:1)
  2 kobold zombies (Ossuary)
  An orc zombie (Ossuary)
  2 quokka zombies
  8 rats
  3 rat zombies
83 creatures vanquished.

Vanquished Creatures (collateral kills)
  An elf zombie (Ossuary)
  A human zombie (Ossuary)
  A big kobold zombie (Ossuary)
  A hound zombie (Ossuary)
  4 adder zombies (Ossuary)
  A goblin zombie (Ossuary)
  2 hobgoblin zombies (Ossuary)
  3 jackal zombies (Ossuary)
  A kobold zombie (Ossuary)
  An orc zombie (Ossuary)
  3 quokka zombies (Ossuary)
  A rat zombie (Ossuary)
20 creatures vanquished.

Grand Total: 103 creatures vanquished

Notes
Turn   | Place    | Note
--------------------------------------------------------------
     0 | D:1      | magog001 the Spriggan Assassin began the quest for the Orb.
     0 | D:1      | Reached XP level 1. HP: 10/10 MP: 2/2
   127 | D:1      | Reached skill level 6 in Stealth
   354 | D:1      | Reached XP level 2. HP: 14/14 MP: 3/3
   783 | D:2      | Noticed Terence
   790 | D:2      | Killed Terence
   790 | D:2      | Reached XP level 3. HP: 18/18 MP: 4/4
   818 | D:2      | Noticed Ijyb
   864 | D:2      | Killed Ijyb
   864 | D:2      | Reached skill level 7 in Stealth
   864 | D:2      | Reached XP level 4. HP: 23/23 MP: 5/5
  2242 | D:3      | Found a snail-covered altar of Cheibriados.
  2242 | D:3      | Found a sacrificial altar of Ru.
  2387 | D:3      | Reached XP level 5. HP: 26/26 MP: 6/6
  2669 | D:3      | Found an ancient bone altar of Kikubaaqudgha.
  2776 | D:3      | Found a bloodstained altar of Trog.
  2777 | D:3      | Found a sparkling altar of Nemelex Xobeh.
  2782 | D:3      | Became a worshipper of Nemelex Xobeh the Trickster
  2901 | D:3      | Received a gift from Nemelex Xobeh
  3097 | D:4      | Reached skill level 8 in Stealth
  3139 | D:4      | Noticed an ogre
  3144 | D:4      | Killed an ogre
  3144 | D:4      | Reached XP level 6. HP: 30/30 MP: 7/7
  3210 | D:4      | Received a gift from Nemelex Xobeh
  3403 | D:4      | Reached * piety under Nemelex Xobeh
  3593 | D:4      | Received a gift from Nemelex Xobeh
  3742 | D:5      | Entered Level 5 of the Dungeon
  3751 | D:5      | Reached skill level 5 in Dodging
  3751 | D:5      | Reached skill level 9 in Stealth
  3796 | D:5      | Found a sand-covered staircase.
  3814 | Ossuary  | Entered an ossuary
  4121 | Ossuary  | Reached XP level 7. HP: 29/35 MP: 8/8
  4741 | D:5      | Slain by a centaur

Skill      XL: |  1  2  3  4  5  6  7 |
---------------+----------------------+-----
Stealth        | 6 7 8 9 |  9.5
Dodging        | 2 3 4 5 6 |  6.1
Short Blades   | 3 |  3.6
Throwing       | 3 |  3.8
Fighting       | 2 |  2.6
Evocations     | |  0.6

Action                   |  1- 3 |  4- 6 |  7- 9 || total
-------------------------+-------+-------+-------++-------
Melee: Dagger            |    14 |   165 |   123 ||   302
 Fire: Blowgun           |    26 |    17 |       ||    43
Evoke: Deck              |       |     1 |     5 ||     6
  Use: Scroll            |       |     6 |     2 ||     8
       Potion            |       |     4 |       ||     4
 Stab: Sleeping          |    10 |    17 |     1 ||    28
       Distracted        |     1 |       |     1 ||     2
  Eat: Bread ration      |       |       |     1 ||     1
Armor: Robe              |     2 |    15 |     8 ||    25
       Skin              |       |    40 |       ||    40
Dodge: Dodged            |     5 |   115 |    64 ||   184
